 Dungeon Crawl Stone Soup version 0.31-a0-214-gb37851dbb3 (webtiles) character file.

Game seed: 2550609558167750427

63 qw the Shooter (level 3, -2/29 HPs)
             Began as a Minotaur Hexslinger on July 1, 2023.
             Slain by a hobgoblin (6 damage)
             ... led by Robin
             ... on level 2 of the Dungeon.
             The game lasted 00:00:26 (1736 turns).

qw the Shooter (Minotaur Hexslinger)                Turns: 1736, Time: 00:00:27

Health: -2/29      AC:  2    Str: 12    XL:     3   Next: 87%
Magic:  3/3        EV: 12    Int: 10    God:
Gold:   93         SH:  0    Dex: 14    Spells: 3/4 levels left

rFire   . . .        Y - +1 sling
rCold   . . .        (no shield)
rNeg    . . .        c - +0 robe
rPois   .            (helmet restricted)
rElec   .            (no cloak)
rCorr   .            (no gloves)
SInv    .            (no boots)
Will    .....        (no amulet)
Stlth   +            (no ring)
HPRegen 0.24/turn    (no ring)
MPRegen 0.08/turn

%: no passive effects
@: no status effects
A: horns 2, retaliatory headbutt
a: no special abilities


You were on level 2 of the Dungeon.
You visited 1 branch of the dungeon, and saw 2 of its levels.

You collected 93 gold pieces.


Innate Abilities, Weirdness & Mutations

You have a pair of horns on your head.
You reflexively headbutt those who attack you in melee.


   Skills:
 - Level 2.0 Fighting
 + Level 4.4 Ranged Weapons
 - Level 2.1 Dodging
 - Level 1.0 Spellcasting
 - Level 2.0 Hexes


You had 3 spell levels left.
You knew the following spells:

 Your Spells              Type           Power      Damage    Failure   Level
a - Slow                  Hex            16%        N/A       16%         1

Your spell library contained the following spells:

 Spells                   Type           Power      Damage    Failure   Level
 Inner Flame              Hex/Fire       2%         N/A       56%         3
 Portal Projectile        Hex/Tloc       4%         N/A       56%         3
 Cause Fear               Hex            2%         N/A       83%         4

Inventory:

Hand Weapons
 Y - a +1 sling (weapon)
Armour
 c - a +0 robe (worn)
 d - a +0 ring mail
Scrolls
 a - a scroll of identify
 b - a scroll of immolation {unknown}
 e - a scroll of teleportation {unknown}
 j - a scroll of blinking {unknown}
Potions
 f - 2 potions of haste
 g - a potion of curing {unknown}
 h - a potion of cancellation {unknown}
 i - a potion of degeneration {unknown}

Dungeon Overview and Level Annotations

Branches:
Dungeon (2/15)

Altars:

Annotations:
D:2 Robin


Message History

The goblin misses you. You furiously retaliate!
You headbutt the goblin!
You kill the goblin!
A rat comes into view.
The goblin hits you but does no damage.
You shoot a sling bullet. The sling bullet hits the goblin!
You kill the goblin!
The goblin hits you with a +0 dagger. x2
You shoot a sling bullet. The sling bullet misses the goblin.
Robin points. "Kill!"
The goblin closely misses you. The goblin hits you but does no damage.
You shoot a sling bullet.
The sling bullet closely misses the goblin.
The hobgoblin closely misses you. The goblin hits you with a +0 dagger.
The goblin barely misses you.
1731 ||| Stepping ~*~*~tactically~*~*~ (outnumbered).
The goblin hits you with a +0 dagger.
You shoot a sling bullet. The sling bullet hits the goblin.
You kill the goblin!
You hear a shout!
Robin throws the goblin at you! The hobgoblin hits you.
The goblin hits you with a +0 dagger.
You shoot a sling bullet. The sling bullet hits the goblin.
The goblin is moderately wounded.
Robin roars a battlecry!
The goblins go into a battle-frenzy!
The hobgoblin misses you. The rat bites you. The goblin closely misses you.
You furiously retaliate!
You headbutt the goblin, but do no damage.
You shoot a sling bullet.
The sling bullet closely misses the goblin.
The hobgoblin hits you. The rat closely misses you.
The goblin closely misses you.
You shoot a sling bullet. The sling bullet hits the goblin.
You kill the goblin!
The rat barely misses you. The rat bites you. The hobgoblin closely misses you.
The hobgoblin hits you but does no damage.
You shoot a sling bullet. The sling bullet hits the hobgoblin.
The hobgoblin is almost dead.
Robin throws the goblin at you! The hobgoblin hits you.
You die...

.....#
##.............#
.#####
##.......######
## ##......# #
##.....# .
##.#..# ..
####.# ..g #..#


r.gg #.g# ....g #@g# ......#gr# .....$gg## ......).# ......### ...... ......
..... ....# You could see Robin, 3 hobgoblins, a goblin (strong) and a rat.

Vanquished Creatures
  2 adders (D:2)
  2 worms (D:2)
  A ball python (D:1)
  6 bats
  3 endoplasms (D:2)
  10 goblins
  2 hobgoblins (D:2)
  7 frilled lizards
  3 kobolds (D:1)
  3 rats
39 creatures vanquished.

Notes
Turn   | Place    | Note
-------+----------+-------------------------------------------
     0 | D:1      | qw the Minotaur Hexslinger began the quest for the Orb.
     0 | D:1      | Reached XP level 1. HP: 16/16 MP: 1/1
     0 | D:1      | 0 ||| qw: Version: 0.3-a-32-g5962c71
     0 | D:1      | 0 ||| qw: Game counter: 7445
     0 | D:1      | 0 ||| qw: Melee chars always use a shield: true
     0 | D:1      | 0 ||| qw: God list: Okawaru
     0 | D:1      | 0 ||| qw: Allow faded altars: false
     0 | D:1      | 0 ||| qw: Do Orc after clearing Dungeon:15 true
     0 | D:1      | 0 ||| qw: Do second Lair branch before Depths: true
     0 | D:1      | 0 ||| qw: Lair rune preference: random
     0 | D:1      | 0 ||| qw: Goals: Normal
     0 | D:1      | 0 ||| PLANNING D:1-11
   457 | D:1      | Reached skill level 3 in Ranged Weapons
   457 | D:1      | Reached XP level 2. HP: 15/23 MP: 2/2
   960 | D:1      | 960 ||| READING 3 scrolls labelled KUT ARISALUN.
   961 | D:1      | 961 ||| READING scroll labelled KILIOSK WYPN.
   962 | D:1      | 962 ||| DRINKING 2 amethyst potions.
   963 | D:1      | 963 ||| READING 2 scrolls of identify.
   963 | D:1      | 963 ||| IDENTIFYING black potion
   964 | D:1      | 964 ||| DROPPING scroll of poison.
   965 | D:1      | 965 ||| DROPPING potion of magic.
  1310 | D:2      | Reached XP level 3. HP: 29/29 MP: 3/3
  1395 | D:2      | Reached skill level 4 in Ranged Weapons
  1400 | D:2      | HP: 7/29 [poisoned by an adder]
  1721 | D:2      | Noticed Robin
  1725 | D:2      | 1725 ||| Stepping ~*~*~tactically~*~*~ (outnumbered).
  1731 | D:2      | 1731 ||| Stepping ~*~*~tactically~*~*~ (outnumbered).
  1735 | D:2      | HP: 6/29 [rat (3)]
  1736 | D:2      | Slain by a hobgoblin

Levels and vault maps discovered:
D:1:      lightli_arrival_lavapool, layout_loops_corners, supply_closet_lemuel,
          minmay_stone_trees_small, hangedman_decor_diamond_cutter,
          reono_crystal_passage, nicolae_figureground_sparkle
D:2:      layout_loops_ring, minmay_misc_feat_secret_circle,
          kennysheep_cross_room, minmay_box_of_dots, uniq_robin

Skill      XL: |  1  2  3 |
---------------+----------+-----
Ranged Weapons | 3 4 |  4.4
Fighting       | 2 |  2.0
Dodging        | |  2.1
Spellcasting   | |  1.0
Hexes          | |  2.0

Action                     || total
---------------------------++-------
   Fire: Sling             ||   102
    Use: Scroll            ||     3
         Potion            ||     1
 Armour: Robe              ||    18
  Dodge: Dodged            ||    24

Table legend:
 A = Non-vault XP
 B = Vault XP
 C = Vault XP percentage of total XP
 D = Non-vault monster count
 E = Vault monster count
 F = Vault count percentage of total count
                 A         B        C        D         E       F
            +---------+---------+-------+---------+---------+-------
      Total |      63 |      27 |  30.0 |      30 |       9 |  23.1
            +---------+---------+-------+---------+---------+-------
        D:1 |      18 |       0 |   0.0 |      13 |       0 |   0.0
        D:2 |      45 |      27 |  37.5 |      17 |       9 |  34.6
            +---------+---------+-------+---------+---------+-------
